 Dungeon Crawl Stone Soup version 0.27.1-33-g824d729ab1 (webtiles) character file.

Game seed: 8839084150788812761

153 lonewolfV2 the Ducker (level 5, -11/39 HPs)
             Began as a Djinni Gladiator on Dec 15, 2021.
             Killed from afar by a white imp (16 damage)
             ... with a puff of frost
             ... summoned by Natasha
             ... on level 3 of the Dungeon.
             The game lasted 00:04:06 (2143 turns).

lonewolfV2 the Ducker (Djinni Gladiator)            Turns: 2143, Time: 00:04:08

Health: -11/39     AC:  4    Str: 14    XL:     5   Next: 61%
Gold:   135        EV: 13    Int: 10    God:
                   SH:  0    Dex: 14

rFire    + + .     SeeInvis .   a - +0 long sword
rCold    x . .     Faith    .   (no shield)
rNeg     . . .     Spirit   .   b - +0 leather armour
rPois    ∞         Reflect  .   c - +0 helmet
rElec    .         Harm     .   (no cloak)
rCorr    .         Rampage  .   (no gloves)
Will     .....                  (boots unavailable)
Stlth    +.........             (no amulet)
HPRegen  0.13/turn              (no ring)
MPRegen  0.00/turn              (no ring)

@: flying
A: sickness immunity, fire resistance 2, cold vulnerability 1, float, innate
caster, hp casting, extra vitality 1
a: no special abilities


You were on level 3 of the Dungeon.
You visited 1 branch of the dungeon, and saw 3 of its levels.

You collected 135 gold pieces.

Inventory:

Hand Weapons
 a - a +0 long sword (weapon)
Missiles
 d - 4 throwing nets (quivered)
Armour
 b - a +0 leather armour (worn)
 c - a +0 helmet (worn)
Jewellery
 g - an amulet of reflection
Scrolls
 e - a scroll of identify
Potions
 f - a potion of curing


   Skills:
 + Level 2.4 Fighting
 + Level 4.1 Long Blades
 + Level 1.7 Throwing
 + Level 1.4 Armour
 + Level 4.3 Dodging
 + Level 0.2 Stealth


You had one spell level left.
You knew the following spells:

 Your Spells              Type           Power      Damage    Failure   Level
a - Beastly Appendage     Tmut           0%         N/A       43%         1
b - Searing Ray           Conj           0%         3d3       56%         2
Your spell library was empty.

Dungeon Overview and Level Annotations

Branches:
Dungeon (3/15)

Altars:

Annotations:
D:3 Natasha


Innate Abilities, Weirdness & Mutations

You are immune to sickness and miasma.
You are immune to poison.
Your flesh is very heat resistant. (rF++)
You are vulnerable to cold. (rC-)
You float through the air rather than walking.
You learn spells naturally, not from books.
Your magical power is your life essence.
You have superior vitality. (+4 HP)


Message History

You hit the white imp but do no damage. Natasha completely misses you.
The crimson imp hits you but does no damage.
The white imp barely misses you. Natasha barely misses you.
You hit Natasha.
Natasha is almost dead.
The crimson imp hits you but does no damage.
The white imp gestures at you. The puff of frost misses you.
Natasha barely misses you. The crimson imp closely misses you.
You riposte.
You closely miss the crimson imp. The white imp closely misses you.
You riposte.
You hit the white imp but do no damage.
Natasha mumbles some strange words.
You hit Natasha but do no damage.
Natasha is almost dead.
You feel yourself speed up. The crimson imp hits you.
The white imp completely misses you. Natasha claws you but does no damage.
The crimson imp blinks!
The iron imp hits you.
The white imp hits you but does no damage.
Natasha claws you but does no damage.
You barely miss Natasha.
Natasha is almost dead.
The white imp hits you but does no damage.
Natasha claws you but does no damage. The iron imp closely misses you.
You barely miss Natasha.
Natasha is almost dead.
The white imp gestures at you. The puff of frost hits you!
You feel a terrible chill!
* * * LOW HITPOINT WARNING * * *
Natasha stares at you and mumbles some strange words.
The magic dart hits you.
* * * LOW HITPOINT WARNING * * *
The iron imp barely misses you.
You hit Natasha.
Natasha is almost dead.
The crimson imp disappears in a puff of smoke!
The white imp summons a swarm of flies.
The white imp gestures at you. The puff of frost hits you!
You feel a terrible chill!
You die...

......)...# ..
#####.....# ...
###....>##...
#............
#$...†.......
#...........#
#......§....#
#...5.......#
#..@........#
......5h........#
..........#######
..........#
..........#
...........
##....##....
#.... #.....


You could see an iron imp (summoned), Natasha and a white imp (summoned).

Vanquished Creatures
  A scorpion (D:2)
  3 gnolls (D:2)
  An adder (D:3)
  An adder skeleton (D:2)
  2 worms (D:2)
  2 dart slugs (D:1)
  4 ball pythons
  5 endoplasms
  2 giant cockroaches
  3 hobgoblins
  3 kobolds
  2 quokkas
  2 bats
  4 frilled lizards (D:1)
  6 goblins
  8 rats
49 creatures vanquished.

Notes
Turn   | Place    | Note
-------+----------+-------------------------------------------
     0 | D:1      | lonewolfV2 the Djinni Gladiator began the quest for the
                  | Orb.
     0 | D:1      | Reached XP level 1. HP: 18/18 MP: 0/0
   169 | D:1      | Reached XP level 2. HP: 9/23 MP: 0/0
   504 | D:1      | Reached XP level 3. HP: 25/28 MP: 0/0
   504 | D:1      | Learned a level 1 spell: Beastly Appendage
  1078 | D:2      | Reached XP level 4. HP: 20/33 MP: 0/0
  1080 | D:2      | Reached skill level 1 in Armour
  1269 | D:2      | Found a faded altar of an unknown god.
  1690 | D:2      | Noticed a scorpion
  1704 | D:2      | Killed a scorpion
  1705 | D:2      | Reached XP level 5. HP: 37/39 MP: 0/0
  1705 | D:2      | Learned a level 2 spell: Searing Ray
  2121 | D:3      | Noticed Natasha
  2143 | D:3      | Killed from afar by a white imp

Illustrated notes

Levels and vault maps discovered:
D:1:      minmay_arrival_four_circles, layout_rooms, minmay_misc_feat_chi
D:2:      layout_rooms, shapermc_ecumenical_altar_starsandcircs, minivault_5,
          kennysheep_potato
D:3:      layout_basic, uniq_natasha

Skill      XL: |  1  2  3  4  5 |
---------------+----------------+-----
Long Blades    | 3 4 |  4.1
Dodging        | 4 |  4.3
Armour         | 1 |  1.4
Fighting       | |  2.4
Throwing       | |  1.7
Stealth        | |  0.2

Action                   |  1- 3 |  4- 6 || total
-------------------------+-------+-------++-------
Melee: Long sword        |    63 |    62 ||   125
 Cast: Beastly Appendage |       |     2 ||     2
       Searing Ray       |       |     1 ||     1
  Use: Scroll            |     1 |     1 ||     2
Armor: Leather armour    |    13 |    21 ||    34
Dodge: Dodged            |    45 |    86 ||   131
       Rpst.: Long sword |    19 |    24 ||    43
